 Dungeon Crawl Stone Soup version 0.20.1-1-g8b1a95d66d (webtiles) character file.

37 NullDivider the Vexing (level 3, 0/15 HPs)
             Began as a Felid Enchanter on Nov 21, 2017.
             Killed from afar by a dart slug (3 damage)
             ... with a slug dart
             ... on level 2 of the Dungeon.
             The game lasted 00:06:13 (1581 turns).

NullDivider the Vexing (Felid Enchanter)            Turns: 1581, Time: 00:06:14

Health: 0/15       AC:  1    Str:  4    XL:     3   Next: 21%
Magic:  5/7        EV: 19    Int: 16    God:
Gold:   65         SH:  0    Dex: 17    Spells: 5/6 levels left
                                        Lives:  0   Deaths: 0

rFire    . . .     SeeInvis +     - Unarmed
rCold    . . .     Gourm    .   (shield unavailable)
rNeg     . . .     Faith    .   (armour unavailable)
rPois    .         Spirit   .   (helmet unavailable)
rElec    .         Reflect  .   (cloak unavailable)
rCorr    .         Harm     .   (gloves unavailable)
MR       .....                  (boots unavailable)
Stlth    +++.......             (no amulet)
Regen    0.1/turn               (no ring)
MPRegen  0.1/turn               (no ring)

@: quick
A: no armour, no weapons or thrown items, stealth, claws 1, fangs 3, see
invisible, carnivore 3, speed 1, shaggy fur 1, slow metabolism 1, sharp paws
a: no special abilities


You were on level 2 of the Dungeon.
You were completely stuffed.

You visited 1 branch of the dungeon, and saw 2 of its levels.

You collected 65 gold pieces.

Inventory:

Scrolls
 d - 2 scrolls of remove curse {unknown}
 f - 2 scrolls of blinking {unknown}
 h - a scroll of amnesia {unknown}
Potions
 c - a potion of heal wounds {unknown}
 e - a potion of degeneration {unknown}
Books
 a - a book of Maledictions

   Spells                             Type                      Level
   a - Corona                         Hexes                        1
   b - Ensorcelled Hibernation        Hexes/Ice                    2
   c - Confuse                        Hexes                        3
   d - Tukima's Dance                 Hexes                        3
   e - Dazzling Spray                 Conjuration/Hexes            3
Comestibles
 b - a meat ration
 g - 3 chunks of flesh
 i - a royal jelly


   Skills:
 + Level 1.3 Fighting
 + Level 3.5 Dodging
 + Level 4.3 Stealth
 + Level 1.8 Unarmed Combat
 - Level 2.0 Spellcasting
 - Level 4.4 Hexes


You had 5 spell levels left.
You knew the following spells:

 Your Spells              Type           Power        Failure   Level  Hunger
a - Corona                Hex            ###....      3%          1    #......


Dungeon Overview and Level Annotations

Branches:
Dungeon (2/15)

Altars:


Innate Abilities, Weirdness & Mutations

You cannot wear armour.
You are incapable of wielding weapons or throwing items.
Your paws allow you to move quietly. (Stealth)
You have sharp claws.
You have razor-sharp teeth.
You have supernaturally acute eyesight. (SInv)
You are carnivorous and can eat meat at any time.
You cover ground quickly.
You are covered in fur. (AC +1)
You have a slow metabolism.
Your sharp claws are effective at attacking unaware monsters.


Message History

Aiming: Corona
Press: ? - help, Shift-Dir - straight line, f/p - dart slug
Aim: a dart slug (clinging, chance to defeat MR: 69%)
The dart slug barely resists.
You barely miss the dart slug. The dart slug bites you.
You scratch the dart slug. You bite the dart slug.
The dart slug is heavily wounded.
You scratch the dart slug.
The dart slug is almost dead.
The dart slug launches a dart at you. The slug dart hits you!
* * * LOW HITPOINT WARNING * * *
You scratch the dart slug but do no damage.
The dart slug is almost dead.
The dart slug completely misses you.
You scratch the dart slug but do no damage.
The dart slug is almost dead.
The dart slug launches a dart at you. The slug dart hits you!
You die...

. #.#.#.## #.#
..##.#....#######.#
.............w.##<###########
...###....####.##.##.........
.....#.#### #.##......#####
.#.#.#.# #.##..###.#####
.......# #.##..# #.....#
w#.#.#########.###.###.###.#
...............w@.....>#
########.......###.#.###
#.####### #.#.# #.#.. #.####
#.# ..# .##


You could see a dart slug.

Vanquished Creatures
  An ooze (D:1)
  2 dart slugs (D:1)
  2 giant cockroaches (D:1)
  4 goblins (D:1)
  A hobgoblin (D:1)
  3 jackals (D:1)
  2 kobolds (D:1)
  A ball python (D:1)
  6 bats (D:1)
  4 frilled lizards
  A rat (D:1)
27 creatures vanquished.

Notes
Turn   | Place    | Note
-------+----------+-------------------------------------------
     0 | D:1      | NullDivider the Felid Enchanter began the quest for the Orb.
     0 | D:1      | Reached XP level 1. HP: 7/7 MP: 4/4
   332 | D:1      | Reached XP level 2. HP: 6/11 MP: 4/6
   767 | D:1      | Reached skill level 1 in Fighting
  1296 | D:1      | Reached XP level 3. HP: 15/15 MP: 5/7
  1581 | D:2      | Killed from afar by a dart slug

Skill      XL: |  1  2 |
---------------+-------+-----
Dodging        | 3 |  3.5
Fighting       | 1 |  1.3
Stealth        | |  4.3
Unarmed Combat | |  1.8
Spellcasting   | |  2.0
Hexes          | |  4.4

Action                   || total
-------------------------++-------
Melee: Unarmed           ||    86
       Bite              ||     7
 Cast: Corona            ||    24
 Stab: Sleeping          ||    11
  Eat: Chunk             ||     9
Armor: Skin              ||    10
Dodge: Dodged            ||    76
